[Event "Titled Tuesday Blitz January 31 Late 2023"]
[White "Bortnyk, Olexandr"]
[Black "Blomqvist, Erik"]
[WhiteFideId "14120828"]
[BlackFideId "1709437"]
[WhiteElo "2605"]
[BlackElo "2523"]
[Result "1-0"]
[Round "05"]
[TimeControl "180+2"]
[Date "2023.01.31"]
[WhiteClock "0:00:41"]
[BlackClock "0:00:02"]

1. d4 d5 2. Nc3 Nf6 3. Bf4 c5 4. e4 cxd4 5. Qxd4 Nc6 6. Bb5 Bd7 7. Bxc6 Bxc6 8. e5 Nd7 9. e6 fxe6 10. Nf3 Qb6 11. Qd2 g6 12. O-O-O Bg7 13. Bh6 Bf6 14. Rhe1 O-O-O 15. Be3 Qa5 16. Bd4 e5 17. Bxe5 Nxe5 18. Nxe5 Rhf8 19. Qd4 Bg5+ 20. Kb1 Rf4 21. Nxc6 bxc6 22. Qe5 Rf5 23. Qe6+ Kb7 24. a3 Rxf2 25. Rd4 Bf6 26. Rb4+ Kc7 27. Qe3 Rxg2 28. Ra4 Qb6 29. Rxa7+ Qxa7 30. Qxa7+ 1-0


[Site "https://www.chess.com"]

[Event "Titled Tuesday Blitz January 31 Late 2023"]
[White "Tari, Aryan"]
[Black "Musovic, Armin"]
[WhiteFideId "1510045"]
[BlackFideId "939935"]
[WhiteElo "2642"]
[BlackElo "2261"]
[Result "1-0"]
[Round "05"]
[TimeControl "180+2"]
[Date "2023.01.31"]
[WhiteClock "0:01:28"]
[BlackClock "0:00:07"]

1. c4 c5 2. g3 g6 3. Bg2 Bg7 4. Nc3 Nf6 5. e3 d6 6. Nge2 O-O 7. d3 e6 8. b3 Nc6 9. Ba3 Qe7 10. d4 Rd8 11. O-O Bd7 12. Re1 Be8 13. Rc1 Rac8 14. Nf4 a6 15. d5 Nb4 16. dxe6 fxe6 17. Qe2 g5 18. Nd3 Bh5 19. Qd2 Nxd3 20. Qxd3 Bg6 21. Qd2 g4 22. e4 Nd7 23. Ne2 Ne5 24. Nf4 Bf7 25. Rcd1 Qf6 26. Bb2 Qh6 27. Qe2 Rd7 28. h3 gxh3 29. Bxh3 Rcd8 30. Kg2 Qg5 31. Bxe6 Re7 32. Bxf7+ Nxf7 33. Bxg7 Qxg7 34. Qh5 Ng5 35. Nd5 Re5 36. f4 Rxe4 37. Qxg5 Qxg5 38. fxg5 Rxe1 39. Rxe1 Kg7 40. Re7+ Kg6 41. g4 Kxg5 42. Kg3 Kg6 43. Re6+ Kg7 44. g5 Rf8 45. Rxd6 Rf1 46. Nf4 Rg1+ 47. Kf3 Ra1 48. Rd7+ Kf8 49. Rxh7 Rxa2 50. g6 Rb2 51. Rf7+ Kg8 52. Nd5 Rxb3+ 53. Kf4 Rh3 54. Nf6+ 1-0


[Site "https://www.chess.com"]

[Event "Titled Tuesday Blitz January 31 Late 2023"]
[White "Yuan, Qingyu"]
[Black "Sztokbant, Bernardo Vainzoff"]
[WhiteFideId "8609772"]
[BlackFideId "2115956"]
[WhiteElo "2373"]
[BlackElo "2213"]
[Result "1-0"]
[Round "05"]
[TimeControl "180+2"]
[Date "2023.01.31"]
[WhiteClock "0:02:07"]
[BlackClock "0:02:05"]

1. e4 c5 2. Nf3 Nc6 3. Bb5 e6 4. O-O Nge7 5. Re1 a6 6. Bf1 Ng6 7. c3 d5 8. exd5 Qxd5 9. d4 Be7 10. Be3 cxd4 11. cxd4 O-O 12. Nc3 Qa5 13. a3 Rd8 14. Qb3 Bd7 15. d5 Nce5 16. Nxe5 Nxe5 17. Bb6 1-0


[Site "https://www.chess.com"]

[Event "Titled Tuesday Blitz January 31 Late 2023"]
[White "Yurovskykh, Oleksandr"]
[Black "Pulpan, Jakub"]
[WhiteFideId "14134020"]
[BlackFideId "302759"]
[WhiteElo "2328"]
[BlackElo "2427"]
[Result "1/2-1/2"]
[Round "05"]
[TimeControl "180+2"]
[Date "2023.01.31"]
[WhiteClock "0:00:11"]
[BlackClock "0:00:05"]

1. d4 Nf6 2. Nf3 d5 3. c3 Bf5 4. Qb3 Qc8 5. Bg5 Nbd7 6. e3 e6 7. c4 c6 8. Nc3 Bd6 9. Be2 O-O 10. Nh4 Be4 11. f3 Bg6 12. Nxg6 hxg6 13. e4 e5 14. dxe5 dxc4 15. Bxc4 Bxe5 16. O-O-O Qc7 17. Kb1 b5 18. Be2 a5 19. Qc2 a4 20. Be3 Rfb8 21. Rc1 b4 22. Nxa4 b3 23. axb3 Rxa4 24. bxa4 Rxb2+ 25. Qxb2 Bxb2 26. Kxb2 Nb6 27. Bd1 Qa7 28. Bxb6 Qxb6+ 29. Bb3 Nd7 30. Rc3 Nc5 31. Ka2 Qb4 32. Rhc1 Nxb3 33. Rxb3 Qxa4+ 34. Kb2 Qd4+ 35. Rbc3 f5 36. exf5 gxf5 37. Rc2 Qb4+ 38. Ka1 Qa5+ 39. Kb1 Qb6+ 40. Rb2 Qg1+ 41. Ka2 Qxh2 42. Rxc6 Kh7 43. Rbc2 Qb8 44. Ka3 Qb1 45. Rc7 Kh6 46. R7c4 g6 47. R4c3 Kg5 48. Rc4 f4 49. Ka4 Qb8 50. Ka3 Kh4 51. Ka2 Kg3 52. Ka3 g5 53. Ka2 Kh2 54. Rc5 Qd8 55. Kb3 Kg1 56. Kb2 Qd4+ 57. Kb3 Qd3+ 58. Kb2 Qg6 59. R5c3 Kf1 60. Kc1 Ke1 61. Kb2 Qf6 62. Ka2 Qe6+ 63. Kb2 Qe5 64. Kb3 Qd5+ 65. Kb4 Qd4+ 66. Kb5 Kf1 67. Rc5 Qd3+ 68. Kb6 Kg1 69. Ka5 Qb3 70. R5c3 Qb7 71. Ka4 Kh2 72. Ka3 Kg3 73. Ka2 Kh4 74. Rb3 Qa6+ 75. Kb2 Kh5 76. Rbc3 Qb5+ 77. Kc1 Qb4 78. Kd2 Kh4 79. Kc1 Kg3 80. Rc4 Qb3 81. Rc5 Qa3+ 82. Kb1 Qb4+ 83. Ka2 Qa4+ 84. Kb1 Qb3+ 85. Kc1 Qg8 86. Ra5 Qg7 87. Rcc5 Kf2 88. Rxg5 Qc3+ 89. Kb1 Qb3+ 90. Ka1 Ke2 91. Rad5 Qa3+ 92. Kb1 Qb3+ 93. Ka1 Qc3+ 94. Ka2 Ke3 95. Rde5+ Kf2 96. Kb1 Qb3+ 97. Ka1 Qc3+ 98. Ka2 Qb4 99. Rb5 Qa4+ 100. Kb2 Ke2 101. Rge5+ Kf1 102. Rg5 Qc4 103. Rbe5 Qb4+ 104. Kc2 Kg1 105. Kd3 Kf2 106. Re2+ Kf1 107. Ree5 Kf2 108. Re2+ Kg1 109. Rge5 Kh2 110. R5e4 Qb8 111. Kd4 Kg3 112. Kd5 Qb5+ 113. Ke6 Qe8+ 114. Kf6 Qf8+ 115. Ke6 Kh2 116. Re5 Kg1 117. Kd5 Kf1 118. Kd4 Qf6 119. Kc4 Qa6+ 120. Kc5 Qa7+ 121. Kd6 Kg1 122. Ke6 Qh7 123. Kf6 Kh2 124. Kg5 Kg3 125. R2e4 Qg7+ 126. Kf5 Qf7+ 127. Kg5 Kxg2 128. Rxf4 Qg7+ 129. Kf5 Qh7+ 130. Ke6 Kg3 131. Rf6 Qb7 132. Rg5+ Kf2 133. Rgg6 Ke3 134. Kf5 Qd5+ 135. Kg4 Qc4+ 136. f4 Qe2+ 137. Kg5 Kf3 138. Re6 Qg2+ 139. Kf6 Qb2+ 140. Kf7 Qb3 141. Rf6 Kg4 142. f5 Kg5 143. Ke7 Kf4 144. Kf7 Qb7+ 145. Kg6 Qg2+ 146. Kf7 Qd5 147. Ke7 Kg5 148. Rg6+ Kf4 149. f6 Kf5 150. Rg5+ Kxg5 151. f7 Qc5+ 152. Ke8 Qc8+ 153. Ke7 Qc7+ 154. Ke8 Qc8+ 155. Ke7 Qb7+ 156. Ke8 Qb8+ 157. Ke7 Qb4+ 158. Ke8 Qa4+ 159. Ke7 Qa3+ 160. Ke8 Qa4+ 161. Ke7 Qb4+ 162. Ke8 Qb8+ 163. Ke7 Qc7+ 164. Ke8 Qc8+ 1/2-1/2


[Site "https://www.chess.com"]

[Event "Titled Tuesday Blitz January 31 Late 2023"]
[White "Bayo Milagro, Alvaro"]
[Black "Salimova, Nurgyul"]
[WhiteFideId "22275240"]
[BlackFideId "2915138"]
[WhiteElo "2287"]
[BlackElo "2391"]
[Result "1/2-1/2"]
[Round "05"]
[TimeControl "180+2"]
[Date "2023.01.31"]
[WhiteClock "0:00:37"]
[BlackClock "0:00:03"]

1. d4 Nf6 2. Nf3 d5 3. c4 e6 4. g3 Be7 5. Bg2 O-O 6. O-O dxc4 7. Na3 Bxa3 8. bxa3 Bd7 9. Ne5 Bc6 10. Nxc6 Nxc6 11. Bxc6 bxc6 12. Bg5 Qd5 13. Bxf6 gxf6 14. Rc1 Rfd8 15. e3 c5 16. Qg4+ Qg5 17. Qxg5+ fxg5 18. Rxc4 cxd4 19. Rxc7 d3 20. Rd1 Rab8 21. Rc3 Rb2 22. Rcxd3 Rxd3 23. Rxd3 Rxa2 24. g4 a5 25. Kg2 Kg7 26. Rc3 h6 27. Kg3 Kf6 28. f3 a4 29. h4 Kg6 30. h5+ Kf6 31. f4 Rb2 32. fxg5+ Kxg5 33. Rc5+ f5 34. gxf5 exf5 35. e4 Rb3+ 36. Kg2 Kxh5 37. Rxf5+ Kg4 38. Rf6 h5 39. Ra6 Rxa3 40. e5 Ra2+ 41. Kf1 Kf5 42. e6 Kf6 43. Ke1 a3 44. Kf1 h4 45. Kg1 h3 46. Kh1 Ke7 47. Kg1 Rg2+ 48. Kh1 a2 49. Ra7+ Kxe6 50. Re7+ Kf6 51. Re6+ Kg5 52. Re5+ Kh4 53. Rh5+ Kg3 54. Rxh3+ Kf2 55. Rf3+ Kxf3 1/2-1/2


[Site "https://www.chess.com"]

[Event "Titled Tuesday Blitz January 31 Late 2023"]
[White "Ozates, Tuna"]
[Black "Karolczuk, Iwo"]
[WhiteFideId "6354521"]
[BlackFideId "21816972"]
[WhiteElo "2251"]
[BlackElo "2343"]
[Result "0-1"]
[Round "05"]
[TimeControl "180+2"]
[Date "2023.01.31"]
[WhiteClock "0:00:31"]
[BlackClock "0:00:59"]

1. e4 c5 2. Nf3 d6 3. Bb5+ Nd7 4. Ba4 Nf6 5. O-O a6 6. c4 g6 7. Nc3 Bg7 8. d4 cxd4 9. Nxd4 O-O 10. Re1 Ne5 11. Bb3 Nfd7 12. f4 Nc6 13. Be3 Nc5 14. Nxc6 bxc6 15. Bxc5 dxc5 16. e5 Qc7 17. Ne4 Rd8 18. Qe2 Bf5 19. Nxc5 f6 20. e6 Qxf4 21. Rad1 Bh6 22. Nd7 Bg4 23. Nxf6+ exf6 24. e7 Re8 25. c5+ Kg7 0-1


[Site "https://www.chess.com"]

[Event "Titled Tuesday Blitz January 31 Late 2023"]
[White "Goltsev, Dmitry"]
[Black "Karas, Marek"]
[WhiteFideId "24176710"]
[BlackFideId "14928558"]
[WhiteElo "2269"]
[BlackElo "2227"]
[Result "1-0"]
[Round "05"]
[TimeControl "180+2"]
[Date "2023.01.31"]
[WhiteClock "0:01:23"]
[BlackClock "0:00:07"]

1. e4 e6 2. d4 d5 3. exd5 exd5 4. Nf3 Nc6 5. c4 Nf6 6. Nc3 Be7 7. Bd3 O-O 8. O-O Nb4 9. Be2 dxc4 10. Bxc4 Nbd5 11. Bg5 c6 12. Ne5 Be6 13. Bb3 h6 14. Bh4 Nxc3 15. bxc3 Nd5 16. Bxe7 Qxe7 17. Qf3 Nc7 18. Rfe1 Qd6 19. Rab1 Rab8 20. Bc2 Bd5 21. Qd3 f5 22. c4 Be6 23. c5 Qd8 24. Ng6 Rf6 25. Nf4 Bf7 26. Re3 Qd7 27. Rbe1 Re8 28. g4 Rxe3 29. Rxe3 Nd5 30. Nxd5 Bxd5 31. gxf5 Bxa2 32. Qa3 Bc4 33. Qxa7 Qxd4 34. Qxb7 Qg4+ 35. Rg3 Rf7 36. Qxf7+ 1-0


[Site "https://www.chess.com"]

[Event "Titled Tuesday Blitz January 31 Late 2023"]
[White "Ronka, Erik"]
[Black "Quispe Arteaga, Gabriel"]
[WhiteFideId "505080"]
[BlackFideId "32059809"]
[WhiteElo "2276"]
[BlackElo "2381"]
[Result "1/2-1/2"]
[Round "05"]
[TimeControl "180+2"]
[Date "2023.01.31"]
[WhiteClock "0:00:19"]
[BlackClock "0:00:52"]

1. e4 c5 2. Nf3 e6 3. g3 d5 4. exd5 exd5 5. d4 Nf6 6. Bg2 Nc6 7. O-O Be7 8. Nc3 O-O 9. dxc5 Bxc5 10. a3 Be6 11. b4 Be7 12. Bb2 Rc8 13. Qd3 Qd7 14. Rad1 Rfd8 15. Rfe1 Bf5 16. Qd2 d4 17. Ne2 Ne4 18. Qc1 d3 19. Rxd3 Qc7 20. Rxd8+ Rxd8 21. Nfd4 Bg6 22. Nxc6 bxc6 23. Nf4 Nf6 24. Nxg6 hxg6 25. c4 Bf8 26. h3 c5 27. b5 Qa5 28. Qc3 Qa4 29. Kh2 Rd4 30. Bf1 Rd8 31. Qf3 Qc2 32. Bxf6 gxf6 33. Qxf6 Rd2 34. Kg1 Bg7 35. Qf3 Bd4 36. Re2 Qc1 37. Rxd2 Qxd2 38. Qe2 Qc3 39. Kg2 Qxa3 40. h4 Qc3 41. h5 gxh5 42. Qxh5 Qd2 43. Qg4+ Kf8 44. Qe2 Qxe2 45. Bxe2 Ke7 46. f4 f5 47. Kf3 Kf6 48. Bd3 Bc3 49. Kg2 Bd2 50. Kh3 Be1 51. g4 fxg4+ 52. Kxg4 Bd2 53. Kf3 Bc3 54. Ke4 Ba5 55. Kd5 Bb6 56. Be4 Bc7 57. Kxc5 Bxf4 58. Kc6 Be3 59. c5 Ke7 60. Bf5 Kd8 61. Kd6 Bf4+ 62. Kc6 Be3 63. Kd5 Kc7 64. Be4 Bf2 65. Kc4 Bg1 66. Kb4 Bf2 67. Kc4 Bg1 68. Kd5 Bf2 69. c6 Bg1 70. Kc4 Bb6 71. Kd5 Bf2 72. Ke6 Bb6 73. Bd5 Bg1 74. Kf5 Bb6 75. Ke4 Bg1 76. Kf3 Bb6 77. Kg2 Ba5 78. Kf1 Bb6 79. Ke2 Ba5 80. Kd3 Bb6 81. Kc4 Bg1 82. Kb3 Bb6 83. Ka4 Bg1 84. Ka5 Bb6+ 85. Ka6 Bg1 86. Bg2 Bb6 87. Bf1 Bg1 88. Bc4 Bb6 89. Ba2 Bc5 90. Bb1 Bb6 91. Bc2 Bc5 92. Ka5 Bb6+ 93. Kb4 Be3 94. Kc4 Bb6 95. Kd5 Bg1 96. Kc4 Bb6 97. Bd3 Bg1 98. Kd5 Bb6 99. Ke4 Ba5 100. Be2 Bb6 101. Kd3 Ba5 102. Kc4 Bb6 103. Kb3 Bg1 104. Ka4 Bb6 105. Kb4 Bf2 106. Kc4 Bb6 107. Bf1 Bg1 108. Bh3 Bb6 109. Bd7 Bg1 110. Kd3 Bb6 111. Kc2 Bg1 112. Kb3 Bf2 113. Ka4 Bb6 114. Kb4 Bg1 115. Ka5 Bb6+ 116. Ka6 Bg1 117. Ka5 Bb6+ 118. Ka4 Bg1 119. Kb4 1/2-1/2


[Site "https://www.chess.com"]

[Event "Titled Tuesday Blitz January 31 Late 2023"]
[White "Viana Da Costa, Fernando"]
[Black "Averjanov, Alexey"]
[WhiteFideId "2111900"]
[BlackFideId "14109867"]
[WhiteElo "2228"]
[BlackElo "2399"]
[Result "0-1"]
[Round "05"]
[TimeControl "180+2"]
[Date "2023.01.31"]
[WhiteClock "0:02:14"]
[BlackClock "0:02:49"]

1. e4 c6 2. Nc3 d5 3. Nf3 Bg4 4. h3 Bxf3 5. Qxf3 e6 6. d4 dxe4 7. Qxe4 Nf6 8. Qd3 Nbd7 9. Bg5 Be7 10. O-O-O Nd5 11. Bd2 Nxc3 12. Bxc3 Nf6 13. Kb1 Nd5 14. Bd2 O-O 15. c4 Nf6 16. Bc3 b5 17. cxb5 cxb5 18. Qxb5 Rb8 19. Qd3 Nd5 20. Be2 Qb6 21. Bf3 Nxc3+ 22. Qxc3 Rfc8 23. Qd2 Bf6 0-1


[Site "https://www.chess.com"]

[Event "Titled Tuesday Blitz January 31 Late 2023"]
[White "Kleiman, Jake"]
[Black "Bilych, Olexiy"]
[WhiteFideId "2020041"]
[BlackFideId "14156504"]
[WhiteElo "2399"]
[BlackElo "2441"]
[Result "1-0"]
[Round "05"]
[TimeControl "180+2"]
[Date "2023.01.31"]
[WhiteClock "0:00:14"]
[BlackClock "0:00:12"]

1. e4 c5 2. c3 d5 3. exd5 Qxd5 4. d4 Nf6 5. Nf3 Bg4 6. Nbd2 e6 7. Bc4 Qd6 8. Qb3 Qc7 9. Ne5 Nc6 10. Nxg4 Nxg4 11. d5 exd5 12. Bxd5 Bd6 13. h3 Nf6 14. Bf3 O-O-O 15. O-O Ne5 16. Be2 Rhe8 17. Nc4 Nxc4 18. Bxc4 Re7 19. Bg5 Bh2+ 20. Kh1 Be5 21. Rad1 Rxd1 22. Rxd1 h6 23. Bc1 Ne4 24. Qc2 Bf4 25. Kg1 Bxc1 26. Qxc1 Rd7 27. Rxd7 Qxd7 28. Qe3 Qd1+ 29. Kh2 Qd6+ 30. g3 f5 31. Bd3 Qd5 32. c4 Qe5 33. Kg2 Qxb2 34. Bxe4 fxe4 35. Qxc5+ Kb8 36. Qd6+ Kc8 37. Qe6+ Kc7 38. Qe7+ Kc6 39. Qxe4+ Kc7 40. Qe7+ Kc6 41. Qe6+ Kc5 42. Qd5+ Kb4 43. Qb5+ Kc3 44. Qe5+ Kc2 45. Qe2+ Kb1 46. Qxb2+ Kxb2 47. f4 Kxa2 48. g4 Kb3 49. h4 a5 50. g5 hxg5 51. hxg5 a4 52. f5 a3 53. f6 gxf6 54. gxf6 a2 55. f7 a1=Q 56. f8=Q Qb2+ 57. Kg1 Qc1+ 58. Kg2 Qc2+ 59. Kh1 Qxc4 60. Qf3+ Kc2 61. Qxb7 Qh4+ 62. Kg2 Qg4+ 63. Kf2 Qd4+ 64. Kf3 Qd3+ 65. Kf4 Qd2+ 66. Kf5 Qf2+ 67. Ke6 Qe3+ 68. Kd7 Qd4+ 69. Kc7 Qe5+ 70. Kb6 Qd4+ 71. Ka6 Qa4+ 72. Kb6 Qb4+ 73. Ka7 Qa5+ 74. Kb8 Kd1 75. Qc7 Qb5+ 76. Qb7 Qe5+ 77. Qc7 Qh8+ 78. Qc8 Qb2+ 79. Qb7 Qh2+ 80. Qc7 Qh8+ 81. Qc8 Qb2+ 82. Qb7 Qe5+ 83. Ka7 Qb5 84. Qxb5 1-0


[Site "https://www.chess.com"]

[Event "Titled Tuesday Blitz January 31 Late 2023"]
[White "Bambino Filho, Antonio Carlos"]
[Black "Cardoso Cardoso, Jose Gabriel"]
[WhiteFideId "2113163"]
[BlackFideId "4430492"]
[WhiteElo "2144"]
[BlackElo "2492"]
[Result "0-1"]
[Round "05"]
[TimeControl "180+2"]
[Date "2023.01.31"]
[WhiteClock "0:00:03"]
[BlackClock "0:00:05"]

1. d4 d6 2. e4 c6 3. Nc3 e5 4. Nf3 Qc7 5. Be2 Be7 6. O-O Nf6 7. h3 O-O 8. Re1 Nbd7 9. a4 Re8 10. Bc4 h6 11. a5 Nf8 12. Bb3 Ng6 13. d5 a6 14. Be3 Bf8 15. Na4 Bd7 16. Nb6 Rad8 17. dxc6 Bxc6 18. Nd5 Bxd5 19. Bxd5 Rc8 20. c3 Nxd5 21. Qxd5 Qc6 22. Red1 Qxd5 23. Rxd5 Rc6 24. Ra3 Rec8 25. Rb3 R8c7 26. Bb6 Rd7 27. g3 f6 28. h4 Ne7 29. Rd1 Nc8 30. Be3 Kf7 31. Kf1 Ke6 32. Ke2 Ne7 33. h5 d5 34. exd5+ Nxd5 35. Nh4 Bc5 36. g4 Bxe3 37. fxe3 Rc4 38. Kf3 e4+ 39. Kf2 Nxe3 40. Rxd7 Nxg4+ 41. Kg3 Kxd7 42. Kxg4 e3+ 43. Kg3 Rxh4 44. Rxb7+ Ke6 45. Rb6+ Kf5 46. Kf3 Rh3+ 47. Ke2 Kf4 48. Re6 Rh2+ 49. Kd3 Rd2+ 50. Kc4 Rxb2 51. Rxa6 e2 52. Re6 Kf3 53. a6 Ra2 54. Kb5 Ra1 0-1


[Site "https://www.chess.com"]

[Event "Titled Tuesday Blitz January 31 Late 2023"]
[White "Kouskoutis, Georgios-Alexandros"]
[Black "Rostomyan, Mikayel"]
[WhiteFideId "4234049"]
[BlackFideId "13313754"]
[WhiteElo "2295"]
[BlackElo "2222"]
[Result "1-0"]
[Round "05"]
[TimeControl "180+2"]
[Date "2023.01.31"]
[WhiteClock "0:00:03"]
[BlackClock "0:00:06"]

1. c4 e5 2. g3 f5 3. d4 d6 4. Nc3 Nf6 5. Bh3 e4 6. f3 Be7 7. Bg5 exf3 8. Nxf3 O-O 9. O-O Ne4 10. Nxe4 fxe4 11. Bxc8 exf3 12. Bxb7 Bxg5 13. Bxa8 f2+ 14. Kg2 Be3 15. Qd3 Qe7 16. Be4 Qg5 17. Bxh7+ Kh8 18. Be4 c5 19. dxc5 dxc5 20. Rad1 Bd4 21. b4 Be3 22. Qd6 Re8 23. Rd5 Qg4 24. Bf3 Qxc4 25. Rh5+ Bh6 26. Bd5 Qc2 27. bxc5 Na6 28. Qxa6 Qd2 29. Bf3 Qe3 30. Rxh6+ gxh6 31. Qf6+ Kg8 32. Qg6+ Kf8 33. Rxf2 Re6 34. Qf5+ Ke7 35. Bg4 Re5 36. Qd7# 1-0


[Site "https://www.chess.com"]

[Event "Titled Tuesday Blitz January 31 Late 2023"]
[White "Sanchez, Robert"]
[Black "Leiva, Gianmarco"]
[WhiteFideId "2034360"]
[BlackFideId "3804399"]
[WhiteElo "1966"]
[BlackElo "2392"]
[Result "0-1"]
[Round "05"]
[TimeControl "180+2"]
[Date "2023.01.31"]
[WhiteClock "0:01:57"]
[BlackClock "0:01:39"]

1. e4 c5 2. Nf3 d6 3. d4 cxd4 4. Nxd4 Nf6 5. Nc3 a6 6. Be3 e5 7. Nb3 Be7 8. f3 Be6 9. Qd2 h5 10. O-O-O Nbd7 11. Kb1 Rc8 12. Nd5 Nxd5 13. exd5 Bf5 14. Bd3 Bxd3 15. cxd3 Nf6 16. d4 e4 17. Bg5 Nxd5 18. h4 Bxg5 19. hxg5 e3 20. Qd3 Qxg5 21. Qe4+ Kd7 22. Ka1 Rhe8 23. Qd3 e2 24. Rde1 Nb4 25. Qb1 Nc2+ 0-1


[Site "https://www.chess.com"]

[Event "Titled Tuesday Blitz January 31 Late 2023"]
[White "Bon, Michael"]
[Black "Suder, Jakub"]
[WhiteFideId "620696"]
[BlackFideId "1195310"]
[WhiteElo "2394"]
[BlackElo "2244"]
[Result "0-1"]
[Round "05"]
[TimeControl "180+2"]
[Date "2023.01.31"]
[WhiteClock "0:00:02"]
[BlackClock "0:00:55"]

1. e4 c5 2. Nf3 e6 3. d4 cxd4 4. Nxd4 Nc6 5. Nc3 Nf6 6. Ndb5 d6 7. Bf4 e5 8. Bg5 a6 9. Na3 Be6 10. Nc4 Rb8 11. Nd5 Bxd5 12. Bxf6 Qxf6 13. Qxd5 Nb4 14. Qd2 d5 15. exd5 Rd8 16. Ne3 Bc5 17. c4 Qg6 18. a3 Bxe3 19. Qxb4 Bf4 20. Qc3 Qe4+ 21. Be2 Qxg2 22. Bf3 Qg6 23. Qb4 Qd3 24. Be2 Qg6 25. Kf1 b5 26. h4 bxc4 27. Qa4+ Ke7 28. Qxc4 Qd6 29. Rg1 g6 30. Rd1 Rb8 31. b4 Rb6 32. Bf3 Rbb8 33. Kg2 Rhc8 34. Qd3 h5 35. Rge1 Kf8 36. Qb3 Kg8 37. Qa4 Qf6 38. d6 Qxh4 39. Rh1 Qg5+ 40. Kf1 Rc3 0-1


[Site "https://www.chess.com"]

[Event "Titled Tuesday Blitz January 31 Late 2023"]
[White "Andreassen, Lars"]
[Black "Kavutskiy, Konstantin"]
[WhiteFideId "1504878"]
[BlackFideId "2026384"]
[WhiteElo "2168"]
[BlackElo "2414"]
[Result "1-0"]
[Round "05"]
[TimeControl "180+2"]
[Date "2023.01.31"]
[WhiteClock "0:00:07"]
[BlackClock "0:00:10"]

1. d4 Nf6 2. Nf3 g6 3. Bg5 Bg7 4. e3 O-O 5. c4 d6 6. Nc3 h6 7. Bh4 c5 8. Be2 g5 9. Bg3 Nh5 10. O-O Nc6 11. d5 Nxg3 12. hxg3 Ne5 13. Nxe5 Bxe5 14. f4 Bg7 15. e4 Bd4+ 16. Kh2 f5 17. exf5 Bxf5 18. Bg4 Qd7 19. Bxf5 Qxf5 20. g4 Qg6 21. f5 Qf6 22. Re1 h5 23. Re6 Qh8 24. Rg6+ Kf7 25. gxh5 Qe5+ 26. g3 Rh8 27. Qg4 Rag8 28. Ne4 Ke8 29. Nxg5 Kd7 30. Rf1 Kc7 31. Nf7 Rxg6 32. Nxe5 Rxg4 33. Nxg4 Rxh5+ 34. Kg2 Bxb2 35. Nh2 Rh8 36. g4 Rg8 37. Kf3 b5 38. cxb5 c4 39. Rf2 c3 40. Rc2 Kb6 41. Nf1 Rh8 42. Ne3 Kxb5 43. Nd1 Rh3+ 44. Kg2 Rd3 45. Nxb2 cxb2 46. Rxb2+ Kc5 47. Re2 Kxd5 48. Rxe7 Rd2+ 49. Kf3 Rxa2 50. f6 Ra1 51. f7 Rf1+ 52. Kg2 Rf4 53. g5 a5 54. g6 a4 55. g7 Rg4+ 56. Kf3 Rxg7 57. f8=Q Rxe7 58. Qxe7 Kc4 59. Qxd6 Kb3 60. Ke3 a3 61. Kd2 Kb2 62. Qb4+ Ka2 63. Kc2 Ka1 64. Qb1# 1-0


[Site "https://www.chess.com"]

[Event "Titled Tuesday Blitz January 31 Late 2023"]
[White "Hasanagic, Anel"]
[Black "Richterova, Natasa"]
[WhiteFideId "14605791"]
[BlackFideId "350591"]
[WhiteElo "2243"]
[BlackElo "2191"]
[Result "1-0"]
[Round "05"]
[TimeControl "180+2"]
[Date "2023.01.31"]
[WhiteClock "0:01:06"]
[BlackClock "0:00:09"]

1. e4 Nf6 2. e5 Nd5 3. c4 Nb6 4. d4 d6 5. exd6 cxd6 6. Nc3 g6 7. Be3 Bg7 8. Rc1 O-O 9. b3 Bf5 10. Nf3 Bg4 11. Be2 d5 12. c5 Nc8 13. h3 Bxf3 14. Bxf3 e6 15. Qd2 Nc6 16. O-O N8e7 17. g4 f5 18. Bg2 fxg4 19. hxg4 h5 20. gxh5 Nf5 21. hxg6 Qf6 22. Ne2 Ncxd4 23. Nxd4 Nxd4 24. Bxd4 Qxd4 25. Qxd4 Bxd4 26. c6 bxc6 27. Rxc6 Rf6 28. Rd1 Bb6 29. Rxe6 Rxe6 30. Bxd5 Re8 31. Re1 Kg7 32. Rxe6 Rxe6 33. Bxe6 Kxg6 34. Kf1 Kf6 35. Bc4 Bc5 36. Ke2 Ke5 37. f3 Kf4 38. Bd5 Ba3 39. Kd3 a5 40. Kc4 Bb4 41. Kb5 Bd2 42. a3 Be1 43. b4 axb4 44. axb4 1-0


[Site "https://www.chess.com"]

[Event "Titled Tuesday Blitz January 31 Late 2023"]
[White "Sohier, Julien"]
[Black "Diaz Perez, Michel Alejandro"]
[WhiteFideId "645346"]
[BlackFideId "3517179"]
[WhiteElo "2214"]
[BlackElo "2414"]
[Result "0-1"]
[Round "05"]
[TimeControl "180+2"]
[Date "2023.01.31"]
[WhiteClock "0:00:01"]
[BlackClock "0:00:21"]

1. e4 d6 2. d4 Nf6 3. Nc3 e5 4. Nf3 Nbd7 5. Bc4 Be7 6. O-O O-O 7. Re1 c6 8. a4 a5 9. h3 h6 10. Ba2 Re8 11. Nh4 exd4 12. Qxd4 Nc5 13. Ng6 Be6 14. Nxe7+ Qxe7 15. Bf4 Rad8 16. Bg3 Bxa2 17. Rxa2 d5 18. e5 Nfe4 19. Nxe4 Nxe4 20. Raa1 Nxg3 21. fxg3 Qg5 22. Kh2 Re6 23. Qb6 Rde8 24. Qxa5 Rxe5 25. Rxe5 Rxe5 26. Re1 Rxe1 27. Qxe1 Qf6 28. Qb4 h5 29. a5 h4 30. gxh4 Qe5+ 31. Kh1 Qc7 32. Qb6 Qe7 33. c3 g6 34. a6 bxa6 35. Qxc6 Qe1+ 36. Kh2 Qe5+ 37. Kh1 d4 38. Qc8+ Kg7 39. cxd4 Qxd4 40. Qxa6 Qxb2 41. Qc4 Qa1+ 42. Kh2 Qe5+ 43. Kh1 Qe1+ 44. Kh2 Qe5+ 45. Kh1 Qg3 46. Qe4 Qd6 47. Qf3 Qe5 48. Qf2 f5 49. Qf3 Kf6 50. Qf2 Qe4 51. Kg1 f4 52. Qf3 Qd4+ 53. Kh2 Qd2 54. h5 gxh5 55. Qxh5 Qf2 56. Qf3 Qd2 57. h4 Kf5 58. Kh3 Qc1 59. Qg4+ Ke5 60. Qg7+ Ke4 61. Qe7+ Kd3 62. Qd6+ Ke2 63. Qe5+ Kf2 64. Qd4+ Qe3+ 65. Qxe3+ fxe3 0-1


[Site "https://www.chess.com"]

[Event "Titled Tuesday Blitz January 31 Late 2023"]
[White "Baskakov, Egor"]
[Black "Defend, Balint"]
[WhiteFideId "24197866"]
[BlackFideId "17004853"]
[WhiteElo "2215"]
[BlackElo "1673"]
[Result "1/2-1/2"]
[Round "05"]
[TimeControl "180+2"]
[Date "2023.01.31"]
[WhiteClock "0:00:07"]
[BlackClock "0:00:10"]

1. e4 c5 2. Nf3 d6 3. d4 cxd4 4. Nxd4 Nf6 5. Nc3 a6 6. a4 e5 7. Nde2 h5 8. h4 Be6 9. g3 Nbd7 10. Bg2 Be7 11. O-O Rc8 12. Nd5 Nxd5 13. exd5 Bf5 14. c3 Bg4 15. Qc2 Nf6 16. a5 Qd7 17. Be3 Bh3 18. Qd3 Qg4 19. b3 e4 20. Qd1 Bxg2 21. Kxg2 Qf3+ 22. Kg1 Ng4 23. Qd2 Bf6 24. Rac1 Be5 25. c4 Nxe3 26. Qxe3 Qxe3 27. fxe3 Ke7 28. Kg2 Rc7 29. Nc3 Bxc3 30. Rxc3 Rhc8 31. Ra1 f5 32. Rc2 Rc5 33. Rd2 g6 34. Ra4 Kf6 35. Kf2 g5 36. hxg5+ Kxg5 37. Rd1 R5c7 38. Rb4 Rd8 39. Rb6 Rdd7 40. Rc1 Rc5 41. b4 Rcc7 42. b5 axb5 43. Rxb5 h4 44. gxh4+ Kxh4 45. Rg1 Rf7 46. Rg8 Rxc4 47. Rb2 f4 48. Ke1 Rc1+ 49. Kd2 Rf1 50. Kc3 Kh3 51. exf4 R7xf4 52. Kd4 R1f3 53. Re2 Rg3 54. Rh8+ Kg4 55. Rxe4 Ra3 56. Rg8+ Kf3 57. Rxf4+ Kxf4 58. Rf8+ Kg5 59. Rf7 Ra4+ 60. Ke3 Rxa5 61. Rxb7 Rxd5 62. Ke4 Rd1 63. Rf7 Kg6 64. Rf8 Kg7 65. Rf2 d5+ 66. Ke3 d4+ 67. Ke4 d3 68. Ke3 d2 69. Rxd2 Rxd2 70. Kxd2 1/2-1/2


[Site "https://www.chess.com"]

[Event "Titled Tuesday Blitz January 31 Late 2023"]
[White "Pakleza, Zbigniew"]
[Black "Winterberg, Lukas"]
[WhiteFideId "1119290"]
[BlackFideId "24622702"]
[WhiteElo "2494"]
[BlackElo "2402"]
[Result "1-0"]
[Round "05"]
[TimeControl "180+2"]
[Date "2023.01.31"]
[WhiteClock "0:00:03"]
[BlackClock "0:00:23"]

1. d4 Nf6 2. Nf3 g6 3. Bf4 Bg7 4. e3 O-O 5. Be2 b6 6. O-O Bb7 7. h3 d6 8. c3 c5 9. a4 a6 10. Nbd2 Nbd7 11. Bh2 Ra7 12. Qb3 Qa8 13. Bc4 h6 14. Rfe1 Rb8 15. Bxf7+ Kh7 16. Nh4 Nf8 17. Qc2 Ne4 18. Bc4 Bf6 19. Nhf3 Nxd2 20. Qxd2 Bxf3 21. gxf3 Qxf3 22. Bf1 Ne6 23. Bg2 Qf5 24. e4 Qh5 25. e5 dxe5 26. dxe5 Bg7 27. Qe2 Qxe2 28. Rxe2 Rd8 29. h4 Rad7 30. Bf1 Rd2 31. b4 a5 32. bxa5 bxa5 33. Rb1 g5 34. hxg5 Nxg5 35. Kg2 Rxe2 36. Bxe2 Ne4 37. c4 Nc3 38. Rb2 Nxe2 39. Rxe2 Rd4 40. Rc2 Kg6 41. f4 Kf5 42. Kf3 Rd3+ 43. Ke2 Ra3 44. Bg1 Kxf4 45. Bxc5 Rxa4 46. Bxe7 Bxe5 47. Kd3 Ra1 48. Rf2+ Kg4 49. Re2 Kf5 50. Bc5 a4 51. Rxe5+ Kf4 52. Bd4 Rd1+ 53. Kc3 a3 54. Ra5 Rc1+ 55. Kb4 Rb1+ 56. Kc5 h5 57. Rxa3 h4 58. Kd5 Kg4 59. c5 h3 60. Be5 Rd1+ 61. Ke6 Re1 62. Ra4+ Kg5 63. Ra2 Rc1 64. Bd6 Rg1 65. c6 Rg2 66. Rxg2+ hxg2 67. Bc5 Kg4 68. c7 Kf3 69. c8=Q g1=Q 70. Bxg1 1-0


[Site "https://www.chess.com"]